Cogmind - Beta 14 @@@ ROGUE MODE // 2024.08.29 @ 22:17:15 Player: THN-L0C Result: Destroyed by H-55 Commando with Assault Rifle Performance ------------- Evolutions (3) 1500 Regions Visited (11) 2200 Robots Destroyed (74) 370 Value Destroyed (5320) 5320 Prototype IDs (25) 500 Alien Tech Used (0) 0 Bonus (5655) 5655 TOTAL SCORE: 15545 Bonus ------- Triggered High Security 500 High Alert Combat Kills 1194 Follower Combat Kills 1731 Entered Garrisons 600 Used RIF Installer 1500 Aligned with FarCom 300 Friendly Fire -170 Cogmind --------- Core Integrity 0/700 Matter 64/300 Energy 98/100 System Corruption 13% Temperature Cool (0) Movement Core (50) Location -7/Factory Parts ------- > --- POWER (1) -------- (None) > --- PROPULSION (4) --- (None) > --- UTILITY (6) ------ (None) > --- WEAPON (2) ------- (None) > --- INVENTORY (5) ---- Cargo Storage Unit Relay Coupler [Sentry] (22) Heavy Disruptor Cannon Peak State ------------ > --- POWER ------------ Antimatter Reactor > --- PROPULSION ------- Improved Heavy Treads Improved Heavy Treads > --- UTILITY ---------- Cargo Storage Unit Improved Force Field Relay Coupler [Duelist] Relay Coupler [Demolisher] Relay Coupler [Hunter] > --- WEAPON ----------- Improved Remote Datajack Great Maul > --- INVENTORY -------- Micro Nuclear Core Improved Heavy Treads Advanced Cryofiber Web Huge Storage Unit High-capacity Matter Pod Improved Terrain Scanner Improved Phase Shifter Cloak of Protection Improved Medium Armor Plating Graphene Brace Focal Shield Relay Coupler [Swarmer] Relay Coupler [Swarmer] Relay Coupler [Cutter] Relay Coupler [Grunt] Relay Coupler [Sentry] Relay Coupler [Sentry] Relay Coupler [Sentry] Relay Coupler [Specialist] Relay Coupler [Hunter] Relay Coupler [Hunter] Relay Coupler [Hunter] Relay Coupler [Heavy] Relay Coupler [Behemoth] Heavy Disruptor Cannon Rocket Launcher Missile Launcher Remote Datajack [Rating: 80] Favorites ----------- Power Reinforced Ion Engine Engine Reinforced Ion Engine Power Core Micro Nuclear Core Reactor Antimatter Reactor Propulsion Improved Titanium Leg Treads Improved Heavy Treads Leg Improved Titanium Leg Wheel Armored Huge Wheel Utility High-capacity Storage Unit Device Disposable Heat Sink Storage High-capacity Storage Unit Processor Transport Network Coupler Hackware Relay Coupler [Brawler] Protection Improved Medium Armor Plating Weapon Katana Energy Gun Wave Gun Energy Cannon Plasma Cannon Ballistic Gun High-powered Shotgun Ballistic Cannon Flak Cannon Launcher Grenade Launcher Special Weapon Improved Remote Datajack Impact Weapon Hammer Slashing Weapon Katana Special Melee Weapon Improved Datajack Build | -11 -10 -10 -10 -9 -8 -8 -8 -8 -7 -7 -7 ------- Run | Yrd Mat Min Exi Min Mat Gar Mat Gar Fac Gar Fac Slots Evolved 6 | . . . . . 4 . . . 2 . . Power . | . . . . . . . . . . . . Propulsion 2 | . . . . . 2 . . . . . . Utility 4 | . . . . . 2 . . . 2 . . Weapon . | . . . . . . . . . . . . Parts Attached 202 | 7 7 1 4 . 33 57 4 27 8 32 22 Power 13 | 1 2 . . . . 3 . 2 . 4 1 Engine 5 | 1 2 . . . . 1 . . . 1 . Core 6 | . . . . . . 2 . 2 . 1 1 Reactor 2 | . . . . . . . . . . 2 . Propulsion 14 | 2 1 . . . 4 2 . 2 . 2 1 Treads 6 | 2 1 . . . . . . . . 2 1 Leg 4 | . . . . . 4 . . . . . . Wheel 4 | . . . . . . 2 . 2 . . . Hover . | . . . . . . . . . . . . Flight . | . . . . . . . . . . . . Utility 76 | 2 1 . 1 . 10 16 1 11 6 16 12 Device 23 | 1 . . . . 6 7 1 . 2 3 3 Storage 7 | 1 1 . 1 . . . . . 2 1 1 Processor 1 | . . . . . . . . . . 1 . Hackware 27 | . . . . . . 6 . 8 . 6 7 Protection 18 | . . . . . 4 3 . 3 2 5 1 Artifact . | . . . . . . . . . . . . Weapon 99 | 2 3 1 3 . 19 36 3 12 2 10 8 Energy Gun 2 | . . . . . . . . 2 . . . Energy Cannon 6 | . . . . . 1 3 . . . 1 1 Ballistic Gun 26 | 2 2 . 2 . 7 12 . . . 1 . Ballistic Cannon 2 | . . . . . 1 . . . . 1 . Launcher 13 | . . 1 1 . 3 2 1 2 . 1 2 Special Weapon 12 | . . . . . . 1 . 4 1 3 3 Impact Weapon 18 | . 1 . . . 7 7 . 1 . . 2 Slashing Weapon 14 | . . . . . . 5 2 3 1 3 . Piercing Weapon . | . . . . . . . . . . . . Special Melee Weapon 6 | . . . . . . 6 . . . . . Unidentified Prototypes 2 | . . . . . . . 1 . . 1 . Parts Lost 25 | . . . . . 2 5 . 5 . 1 12 Power 3 | . . . . . . . . 1 . . 2 Propulsion 6 | . . . . . . 2 . 2 . . 2 Utility 12 | . . . . . 2 2 . 2 . 1 5 Weapon 4 | . . . . . . 1 . . . . 3 Highest Loss Streak 12 | . . . . . 2 5 . 2 . 1 12 To Critical Strikes . | . . . . . . . . . . . . Average Slot Usage (%) 86 | . 97 100 87 100 98 93 81 78 83 81 73 Engine 3 | . 14 14 14 14 9 6 . . . . . Core 2 | . . . . . . 2 9 8 7 2 . Reactor 1 | . . . . . . . . . . 4 6 Treads 5 | . 28 28 28 28 . . . . . 4 14 Leg 9 | . . . . . 34 24 . . . . . Wheel 7 | . . . . . . 5 18 17 15 10 . Device 10 | . 14 14 14 14 10 12 18 1 10 11 10 Storage 9 | . 14 14 14 14 9 9 9 9 7 9 12 Processor 1 | . . . . . . . . . . 4 3 Hackware 7 | . . . . . . 3 . 14 15 13 8 Protection 6 | . . . . . 16 9 9 8 10 2 . Ballistic Gun 4 | . 24 14 8 14 10 4 . . . 1 . Launcher 1 | . . 14 7 14 1 1 . . . . . Special Weapon 4 | . . . . . . 2 9 8 7 6 6 Impact Weapon 1 | . . . . . 4 3 . . . . 6 Slashing Weapon 4 | . . . . . . 2 9 8 7 6 . Peak Build Rating 80 | 7 12 11 12 12 40 45 47 49 59 76 80 Average Rating 45 | 5 8 11 9 11 35 39 45 43 55 62 73 On Entrance 30 | . 7 11 11 11 12 38 45 47 49 59 76 Naked Turns 19 | . . . . . . . . . . . 19 Heaviest Build 257 | 13 37 37 57 57 81 79 61 61 105 255 257 Greatest Support 150 | 40 40 40 40 40 80 80 56 56 56 150 150 Greatest Overweight (x) 4 | . . . 1 1 3 2 2 1 1 4 1 Average Overweight (x) . | . . . . 1 . . 1 . 1 1 . Largest Inventory Capacity 30 | 8 15 15 20 20 20 20 20 20 25 30 30 Average Capacity 21 | 7 11 15 15 20 20 20 20 20 22 26 29 Most Carried 30 | 2 15 15 15 16 20 20 20 20 25 30 30 Average Carried 20 | . 8 14 13 15 19 19 20 18 21 25 28 Final Capacity 30 | 8 15 15 20 20 20 20 20 20 25 30 5 Final Carried 30 | 2 15 15 15 16 20 20 20 20 25 30 5 Class Distribution -------------------- 59% | Bothacker-Mutant 28% | Mutant 5% | Bothacker-Assassin Dominant Class ---------------- Mutant | -10/Materials Mutant | -10/Mines Mutant | -10/Exiles Mutant | -9/Mines Mutant | -8/Materials Mutant | -8/Garrison Bothacker-Assassin | -8/Materials Bothacker-Mutant | -8/Garrison Bothacker-Mutant | -7/Factory Bothacker-Mutant | -7/Garrison Bothacker-Mutant | -7/Factory Resources | -11 -10 -10 -10 -9 -8 -8 -8 -8 -7 -7 -7 ----------- Run | Yrd Mat Min Exi Min Mat Gar Mat Gar Fac Gar Fac Matter Collected 3871 | 276 48 178 56 . 767 828 47 510 109 808 244 Remotely . | . . . . . . . . . . . . Salvage Created 2914 | 31 144 . . 23 525 420 144 284 . 1158 185 Parts 140 | 7 9 . . 3 30 26 5 11 . 44 5 Haulers Intercepted . | . . . . . . . . . . . . Recyclers Shooed 1 | 1 . . . . . . . . . . . Parts Field Recycled . | . . . . . . . . . . . . Retrieved Matter . | . . . . . . . . . . . . Parts Self-Destructed . | . . . . . . . . . . . . Prevented . | . . . . . . . . . . . . Kills | -11 -10 -10 -10 -9 -8 -8 -8 -8 -7 -7 -7 ------- Run | Yrd Mat Min Exi Min Mat Gar Mat Gar Fac Gar Fac Combat Hostiles Destroyed 68 | . 5 . . 4 18 13 3 7 . 11 7 Melee 14 | . . . . . . 1 3 4 . 6 . Guns 28 | . 5 . . . 14 8 . . . 1 . Cannons 1 | . . . . . 1 . . . . . . AOE 21 | . . . . 4 3 3 . 1 . 4 6 Classes Destroyed 12 | 1 2 . . . 3 3 . . . 1 2 Worker 2 | . . . . . 2 . . . . . . Builder 1 | . . . . . 1 . . . . . . Tunneler 2 | 2 . . . . . . . . . . . Swarmer 24 | . 3 . . 4 7 2 . 3 . 5 . Cutter 1 | . . . . . . . . . . 1 . Grunt 28 | . 2 . . . 10 4 3 3 . 2 4 Brawler 2 | . . . . . . . . . . . 2 Duelist 3 | . . . . . . 2 . . . 1 . Protector 1 | . . . . . . . . . . . 1 Sentry 6 | . . . . . 1 1 . 2 . 2 . Specialist 1 | . . . . . . 1 . . . . . Programmer 3 | . . . . . . 3 . . . . . Best Kill Streak 8 | 2 2 . . 4 8 3 2 2 . 4 4 Combat Bots Only 6 | . 2 . . 4 6 3 2 2 . 4 4 Max Kills in Single Turn 3 | 1 1 . . 3 3 1 1 1 . 2 2 Gunslinging . | . . . . . . . . . . . . Exploded 3 | . . . . 3 3 1 . 1 . 2 2 Melee 1 | . . . . . . 1 1 1 . 1 . Uniques/NPCs Destroyed . | . . . . . . . . . . . . Combat | -11 -10 -10 -10 -9 -8 -8 -8 -8 -7 -7 -7 -------- Run | Yrd Mat Min Exi Min Mat Gar Mat Gar Fac Gar Fac Hostile Shots Fired 666 | . 29 . . 3 151 99 19 68 10 87 200 Missed 179 | . 10 . . 1 29 31 2 16 5 30 55 Damage Taken 7224 | . 253 . . 18 1205 968 302 845 173 879 2581 Core 1123 | . 55 . . . 166 86 44 70 72 244 386 Absorbed by Shields 730 | . . . . . 432 52 . . . . 246 Redirected to Shielding 50 | . . . . . 50 . . . . . . Ignored by Resistances 84 | . . . . . 61 11 4 8 . . . Core Remaining (%) 70 | 100 . . . 78 . . . 33 . . . Volleys Fired 220 | 10 15 . . 2 51 42 . 33 1 32 34 Largest 2 | 2 2 . . 2 2 2 . 1 1 1 1 Hottest 110 | 40 46 . . 53 67 105 . 33 5 81 110 Shots Fired 299 | 20 29 . 1 3 91 55 . 33 1 32 34 Gun 166 | 20 29 . . 1 77 37 . . . 2 . Cannon 27 | . . . . . 13 11 . . . 2 1 Launcher 26 | . . . 1 2 1 5 . 4 . 4 9 Special 80 | . . . . . . 2 . 29 1 24 24 Kinetic 177 | 20 29 . . 1 88 37 . . . 2 . Thermal 11 | . . . . . . 11 . . . . . Explosive 26 | . . . 1 2 1 5 . 4 . 4 9 Electromagnetic 5 | . . . . . 2 . . . . 2 1 Robot Hit Streak 10 | 7 10 . . . 7 5 . 4 4 10 4 Robot Miss Streak 14 | 3 3 . . . 14 5 . 3 . 1 3 Penetration Max . | . . . . . . . . . . . . Secondary Targets 4 | . . . . . 2 2 . . . . . Max Gunslinging Chain 1 | . . . . . 1 1 . . . . . Shots Hit Robots 299 | 13 18 . . . 59 75 8 38 1 63 24 Core Hits 153 | 5 11 . . 4 43 25 4 11 . 25 25 Critical Kills . | . . . . . . . . . . . . Critical Parts Destroyed 9 | . . . . . 1 3 . 4 . . 1 Critical Strikes 13 | . . . . . 1 3 . 7 . 1 1 Destroy 2 | . . . . . 1 1 . . . . . Smash 7 | . . . . . . 2 . 4 . . 1 Sever 4 | . . . . . . . . 3 . 1 . Melee Attacks 544 | . 2 . . . 27 210 19 115 1 162 8 Impact 173 | . 2 . . . 27 130 . 7 . . 7 Slashing 331 | . . . . . . 40 19 108 1 162 1 Piercing . | . . . . . . . . . . . . Sneak Attacks 27 | . . . . . 1 19 . 4 . 3 . Combat Hostiles 6 | . . . . . . . . 3 . 3 . Follow-up Attacks . | . . . . . . . . . . . . Damage Inflicted 7509 | 99 152 . . 149 1177 982 243 909 . 2614 1184 Guns 1700 | 99 152 . . . 868 535 . . . 46 . Cannons 389 | . . . . . 168 162 . . . 31 28 Explosions 1923 | . . . . 149 91 204 . 194 . 237 1048 Melee 3497 | . . . . . 50 81 243 715 . 2300 108 Ramming . | . . . . . . . . . . . . Kinetic 1837 | 99 152 . . . 1005 535 . . . 46 . Thermal 162 | . . . . . . 162 . . . . . Explosive 1923 | . . . . 149 91 204 . 194 . 237 1048 Electromagnetic 90 | . . . . . 31 . . . . 31 28 Impact 399 | . . . . . 50 81 . 160 . . 108 Slashing 3098 | . . . . . . . 243 555 . 2300 . Piercing . | . . . . . . . . . . . . Highest Corruption 13 | . 1 1 1 1 . 6 6 6 1 2 13 Average Corruption 3 | . 1 1 1 1 . 5 6 6 1 1 3 Corruption Purged 1 | . . . . . . . . . 1 . . Corruption Blocked . | . . . . . . . . . . . . Effects 171 | . 1 5 8 . . 37 10 58 . 34 18 Message Errors 44 | . 1 3 1 . . 9 2 15 . 5 8 Matter Fused 41 | . . . 3 . . 4 2 16 . 13 3 Heat Flow Errors 24 | . . . 2 . . 8 . 7 . 5 2 Energy Discharges 28 | . . 1 1 . . 10 4 6 . 6 . Parts Rejected 1 | . . . . . . . . . . . 1 Parts Fused 4 | . . . . . . 1 . 2 . 1 . Data Loss (minor) 20 | . . 1 . . . 5 . 8 . 2 4 Data Loss (major) 7 | . . . . . . . 2 3 . 2 . Misfires 1 | . . . 1 . . . . . . . . Alerts 1 | . . . . . . . . 1 . . . Overload Shots . | . . . . . . . . . . . . Overflow Damage 413 | . . . . . 29 51 4 192 . 116 21 Projectiles 1 | . . . . . 1 . . . . . . Explosions 44 | . . . . . . . . 3 . 41 . Melee 368 | . . . . . 28 51 4 189 . 75 21 Knockbacks 1 | . . . . . 1 . . . . . . Impact . | . . . . . . . . . . . . Kinetic 1 | . . . . . 1 . . . . . . Secondary . | . . . . . . . . . . . . Self-Inflicted Damage 213 | . . . . . . 24 . . . 85 104 Shots 6 | . . . . . . 1 . . . 2 3 Rammed . | . . . . . . . . . . . . Targets Rammed 1 | . . . . . 1 . . . . . . Kicked 1 | . . . . . 1 . . . . . . Crushed . | . . . . . . . . . . . . Highest Temperature 328 | . 24 . 147 3 328 217 . 262 . 228 217 Average Temperature 94 | . 14 . 62 1 119 74 . 105 . 84 64 Received Heat Transfer 2607 | . 99 . . . 712 266 198 369 . 180 783 Effects 3 | . . . . . 3 . . . . . . Interference 3 | . . . . . 3 . . . . . . Siege Activations . | . . . . . . . . . . . . Robots Corrupted 5 | . . . . . 1 1 . 2 . . 1 Combat Hostiles 4 | . . . . . . 1 . 2 . . 1 Parts Fried 7 | . . . . . 2 3 . 2 . . . Impact Corruptions 8 | . . . . . 1 2 . 4 . . 1 Robots Melted . | . . . . . . . . . . . . Combat Hostiles . | . . . . . . . . . . . . Parts Melted 3 | . . . . . . . . 1 . 2 . Heat Transferred 275 | . . . . . . 275 . . . . . Parts Sabotaged . | . . . . . . . . . . . . Parts Stolen . | . . . . . . . . . . . . Parts Stripped . | . . . . . . . . . . . . Power Chain Reactions . | . . . . . . . . . . . . Alert | -11 -10 -10 -10 -9 -8 -8 -8 -8 -7 -7 -7 ------- Run | Yrd Mat Min Exi Min Mat Gar Mat Gar Fac Gar Fac Peak Influence 4408 | 10 152 37 . 133 384 2672 1359 2105 1124 4408 2725 Initial 2314 | . 6 37 . . 51 137 1302 662 1104 672 2314 Average 1391 | 3 56 32 . 31 110 1120 1299 1331 1067 2310 2447 Maximum Alert Level 5 | . . . . . 1 5 4 5 4 5 5 Low Security (%) 18 | 100 100 100 . 100 76 2 . . . . . Level 1 8 | . . . . . 23 24 . . . . . Level 2 4 | . . . . . . 14 . 2 . 1 . Level 3 15 | . . . . . . 13 4 39 30 18 . Level 4 17 | . . . . . . 12 95 24 69 18 . Level 5 34 | . . . . . . 31 . 33 . 61 55 High Security 2 | . . . . . . . . . . . 44 Max Security . | . . . . . . . . . . . . Squads Dispatched 30 | . 2 . . . 9 . 1 . . . 18 Investigation 5 | . 2 . . . 2 . 1 . . . . Extermination . | . . . . . . . . . . . . Reinforcement 9 | . . . . . 7 . . . . . 2 Assault 16 | . . . . . . . . . . . 16 Garrison . | . . . . . . . . . . . . Intercept . | . . . . . . . . . . . . Searches Triggered . | . . . . . . . . . . . . Construction Impeded 2 | . . . . . 1 . . . . . 1 Haulers Reinforced . | . . . . . . . . . . . . Active Scanning Responses . | . . . . . . . . . . . . Cargo Convoy Interrupts . | . . . . . . . . . . . . Stealth | -11 -10 -10 -10 -9 -8 -8 -8 -8 -7 -7 -7 --------- Run | Yrd Mat Min Exi Min Mat Gar Mat Gar Fac Gar Fac Distress Signals 3 | . . . . . . . 1 . . . 2 Communications Jammed . | . . . . . . . . . . . . Distress Signals . | . . . . . . . . . . . . Times Spotted 236 | . 14 . . 4 24 39 9 35 2 36 73 Peak Tracking Total 20 | . 4 . . 4 5 5 4 5 1 4 20 Tactical Retreats 17 | . 2 . . . 1 2 . 4 . 4 4 Traps | -11 -10 -10 -10 -9 -8 -8 -8 -8 -7 -7 -7 ------- Run | Yrd Mat Min Exi Min Mat Gar Mat Gar Fac Gar Fac Traps Triggered 27 | . 3 . . . 1 10 . 7 1 5 . Indirectly . | . . . . . . . . . . . . Trap Hack Attempts 7 | . . . . . . 7 . . . . . Triggered . | . . . . . . . . . . . . Disarmed 2 | . . . . . . 2 . . . . . Reprogrammed . | . . . . . . . . . . . . Reused . | . . . . . . . . . . . . Traps Extracted . | . . . . . . . . . . . . Installed . | . . . . . . . . . . . . Triggered . | . . . . . . . . . . . . Machines | -11 -10 -10 -10 -9 -8 -8 -8 -8 -7 -7 -7 ---------- Run | Yrd Mat Min Exi Min Mat Gar Mat Gar Fac Gar Fac Machines Disabled 22 | . . . 2 2 1 5 . 5 . 4 3 Max in Single Turn 2 | . . . 2 2 1 1 . 1 . 1 1 Garrison Relay 14 | . . . . . . 5 . 5 . 4 . Machines Repaired . | . . . . . . . . . . . . Machines Dismantled . | . . . . . . . . . . . . Machines Sabotaged . | . . . . . . . . . . . . Overloaded Fab Kills . | . . . . . . . . . . . . Hacking | -11 -10 -10 -10 -9 -8 -8 -8 -8 -7 -7 -7 --------- Run | Yrd Mat Min Exi Min Mat Gar Mat Gar Fac Gar Fac Machines Accessed 29 | . 8 . 1 . 6 2 3 4 2 2 1 Terminals 23 | . 7 . . . 4 2 2 4 1 2 1 Fabricators . | . . . . . . . . . . . . Repair Stations . | . . . . . . . . . . . . Recycling Units 1 | . 1 . . . . . . . . . . Scanalyzers 1 | . . . . . 1 . . . . . . Garrison Access 3 | . . . . . 1 . 1 . 1 . . Total Hacks 83 | . 23 . 1 . 20 6 7 15 3 6 2 Successful 35 | . 14 . 1 . 9 1 4 2 2 2 . Failed 48 | . 9 . . . 11 5 3 13 1 4 2 Catastrophic 12 | . 2 . . . 2 1 1 2 . 3 1 Database Lockouts . | . . . . . . . . . . . . Manual 56 | . 17 . 1 . 15 2 6 6 2 5 2 Terminals 75 | . 22 . . . 16 6 6 15 2 6 2 Fabricators . | . . . . . . . . . . . . Repair Stations . | . . . . . . . . . . . . Recycling Units 1 | . 1 . . . . . . . . . . Scanalyzers 2 | . . . . . 2 . . . . . . Garrison Access 4 | . . . . . 2 . 1 . 1 . . Terminal Hacks 13 | . 4 . 1 . 2 1 2 2 . 1 . Robot Analysis 1 | . 1 . . . . . . . . . . Emergency Access Points 2 | . . . . . . 1 . 1 . . . Unreport Threat 3 | . . . . . 1 . 2 . . . . Locate Traps 3 | . 2 . . . 1 . . . . . . Recall Investigation 1 | . 1 . . . . . . . . . . Garrison Registry 1 | . . . . . . . . . . 1 . Security Stations 1 | . . . . . . . . 1 . . . Derelict Proto ID Bank 1 | . . . 1 . . . . . . . . Fabricator Hacks . | . . . . . . . . . . . . Repair Station Hacks . | . . . . . . . . . . . . Recycling Unit Hacks . | . . . . . . . . . . . . Scanalyzer 2 | . . . . . 2 . . . . . . Insert Component 1 | . . . . . 1 . . . . . . Analyze 1 | . . . . . 1 . . . . . . Garrison Access Hacks 3 | . . . . . 1 . 1 . 1 . . Unlock Access 3 | . . . . . 1 . 1 . 1 . . Unauthorized Hacks 17 | . 10 . . . 4 . 1 . 1 1 . Terminals 16 | . 9 . . . 4 . 1 . 1 1 . Botnet 7 | . 3 . . . 2 . . . 1 1 . Skim 9 | . 6 . . . 2 . 1 . . . . Fabricators . | . . . . . . . . . . . . Repair Stations . | . . . . . . . . . . . . Recycling Units 1 | . 1 . . . . . . . . . . Tunnel 1 | . 1 . . . . . . . . . . Scanalyzers . | . . . . . . . . . . . . Garrison Access . | . . . . . . . . . . . . Data Cores Recovered . | . . . . . . . . . . . . Used . | . . . . . . . . . . . . Hacking Detections 24 | . 7 . . . 5 2 2 4 1 2 1 Full Trace Events 14 | . 2 . . . 2 2 2 4 . 2 . Feedback Events 1 | . . . . . . 1 . . . . . Corruption 1 | . . . . . . 1 . . . . . Feedback Blocked . | . . . . . . . . . . . . Robot Schematics Acquired . | . . . . . . . . . . . . Robots Built . | . . . . . . . . . . . . Authchips . | . . . . . . . . . . . . Time . | . . . . . . . . . . . . Total Robot Build Rating . | . . . . . . . . . . . . Part Schematics Acquired 1 | . . . . . 1 . . . . . . Parts Built . | . . . . . . . . . . . . Authchips . | . . . . . . . . . . . . Time . | . . . . . . . . . . . . Total Part Build Rating . | . . . . . . . . . . . . Parts Repaired . | . . . . . . . . . . . . Time . | . . . . . . . . . . . . Parts Recycled . | . . . . . . . . . . . . Recycled Matter . | . . . . . . . . . . . . Retrieved Matter . | . . . . . . . . . . . . Retrieved Components . | . . . . . . . . . . . . Parts Scanalyzed 1 | . . . . . 1 . . . . . . Part Schematics Acquired 1 | . . . . . 1 . . . . . . Parts Damaged . | . . . . . . . . . . . . Bothacking | -11 -10 -10 -10 -9 -8 -8 -8 -8 -7 -7 -7 ------------ Run | Yrd Mat Min Exi Min Mat Gar Mat Gar Fac Gar Fac Used RIF Installer 3 | . . . . . . 1 . 1 . 1 . Hotswap 1 | . . . . . . . . . . 1 . Signal Jammer 1 | . . . . . . . . 1 . . . Robots Hacked 61 | . . . . . . 15 . 15 1 18 12 Non-combat . | . . . . . . . . . . . . Combat 61 | . . . . . . 15 . 15 1 18 12 Robot Hacks Applied 67 | . . . . . . 17 . 17 1 19 13 scatter_targeting 1 | . . . . . . . . . . 1 . link_complan 1 | . . . . . . 1 . . . . . spike_heat 1 | . . . . . . . . 1 . . . disable_weapons 4 | . . . . . . 3 . 1 . . . go_dormant 5 | . . . . . . 1 . 2 . 1 1 overwrite_iff 19 | . . . . . . 4 . 1 . 2 12 streamctrl_high 9 | . . . . . . 1 . 5 . 3 . formatsys_high 27 | . . . . . . 7 . 7 1 12 . Relay Couplers Released 60 | . . . . . . 21 . 18 4 17 . Machine Destruction 56 | . . . . . . 21 . 18 . 17 . Programmers 4 | . . . . . . . . . 4 . . Attached 27 | . . . . . . 6 . 8 . 6 7 Fabnet Peak Effective % . | . . . . . . . . . . . . Robots Rewired 9 | . . . . . . 9 . . . . . Allies Hacked 1 | . . . . . . . . . . 1 . Hacks Repelled . | . . . . . . . . . . . . Allies | -11 -10 -10 -10 -9 -8 -8 -8 -8 -7 -7 -7 -------- Run | Yrd Mat Min Exi Min Mat Gar Mat Gar Fac Gar Fac Total Allies 66 | . . 1 . . . 20 . 14 1 19 11 Largest Group 12 | . . 1 1 . . 9 2 4 3 12 6 Highest-Rated Group 299 | . . 31 31 . . 133 30 92 71 299 244 Highest-Rated Ally 85 | . . 31 31 . . 16 15 39 32 85 85 Total Orders 53 | . . . . . . . . 7 3 41 2 STAY 21 | . . . . . . . . 3 2 15 1 ROAM 4 | . . . . . . . . . . 4 . FOLLOW 28 | . . . . . . . . 4 1 22 1 Ally Attacks 331 | . . . . . . 89 19 76 4 67 76 Total Damage 6648 | . . . . . . 1043 462 1212 153 1235 2543 Kills 66 | . . . . . . 13 6 16 2 8 21 Allies Corrupted 4 | . . . . . . . . . . 2 2 Allies Melted 1 | . . . . . . . . . . . 1 Intel | -11 -10 -10 -10 -9 -8 -8 -8 -8 -7 -7 -7 ------- Run | Yrd Mat Min Exi Min Mat Gar Mat Gar Fac Gar Fac Robot Analysis Total 1 | . 1 . . . . . . . . . . Derelict Logs Recovered . | . . . . . . . . . . . . Drone Launches . | . . . . . . . . . . . . Drone Recoveries . | . . . . . . . . . . . . Exploration | -11 -10 -10 -10 -9 -8 -8 -8 -8 -7 -7 -7 ------------- Run | Yrd Mat Min Exi Min Mat Gar Mat Gar Fac Gar Fac Turns Passed 18912 | 134 925 449 530 69 2155 4333 501 2376 573 5989 878 Spaces Moved 10423 | 59 513 275 309 27 617 2495 321 1531 441 3489 346 Core 40 | 1 . . . . . . . . . . 39 Treads 2191 | 58 513 275 309 27 27 . . . . 675 307 Legs 2160 | . . . . . 590 1570 . . . . . Wheels 6032 | . . . . . . 925 321 1531 441 2814 . Hover . | . . . . . . . . . . . . Flight . | . . . . . . . . . . . . Fastest Speed 50 | 50 160 160 160 240 130 130 115 100 115 115 50 Average Speed 139 | 158 160 160 167 240 192 130 115 112 115 139 218 Slowest Speed 340 | 160 160 160 240 240 340 200 130 115 115 240 240 Overloaded Moves . | . . . . . . . . . . . . Propulsion Burnouts . | . . . . . . . . . . . . Robots Hopped . | . . . . . . . . . . . . Cave-ins Triggered . | . . . . . . . . . . . . Exploration Rate (%) 50 | 5 90 65 62 10 35 99 22 96 9 96 11 Regions Visited 11 Branch Regions 3 Pre-discovered Areas 2 | . 2 . . . . . . . . . . Known Exits Taken 4 | . 1 . . . 1 . 1 . 1 . . Unknown Exits Taken 4 | 1 . 1 1 1 . . . . . . . Scrap Searched 2 | . . 2 . . . . . . . . . Spaces Dug 112 | . 2 . . . 15 31 9 20 1 34 . Terrain Destroyed 242 | . 2 . 4 15 20 53 9 27 1 55 56 Melee 106 | . 2 . . . 15 31 9 20 1 28 . Projectile 1 | . . . . . . 1 . . . . . AOE 135 | . . . 4 15 5 21 . 7 . 27 56 Terrain Rammed . | . . . . . . . . . . . . Walls Destroyed . | . . . . . . . . . . . . Machines Disabled . | . . . . . . . . . . . . Actions | -11 -10 -10 -10 -9 -8 -8 -8 -8 -7 -7 -7 --------- Run | Yrd Mat Min Exi Min Mat Gar Mat Gar Fac Gar Fac Total 13673 | 80 590 285 327 29 1441 3231 422 1973 504 4360 431 Wait 1943 | 3 34 6 . . 676 319 78 204 44 564 15 Move 10411 | 58 512 274 308 26 617 2493 320 1529 441 3487 346 Hop . | . . . . . . . . . . . . Pick Up 117 | 2 15 2 6 1 15 30 . 12 5 27 2 Fast Attach 32 | 7 3 . 2 . 7 3 . 2 2 5 1 Attach 33 | . . . . . 3 7 . 8 . 4 11 Detach 14 | . . . . . 3 5 . 1 . 2 3 Swap 137 | . 4 1 2 . 23 47 4 17 6 23 10 Drop 89 | . 5 2 9 . 18 26 1 4 4 19 1 Fire 220 | 10 15 . . 2 51 42 . 33 1 32 34 Melee 544 | . 2 . . . 27 210 19 115 1 162 8 Ram . | . . . . . . . . . . . . Kick 1 | . . . . . 1 . . . . . . Crush . | . . . . . . . . . . . . Escape Stasis 124 | . . . . . . 42 . 48 . 34 . Rewire 1 | . . . . . . . . . . 1 . Trap 7 | . . . . . . 7 . . . . . Miscellaneous . | . . . . . . . . . . . . Route ------- -11/Scrapyard -10/Materials (discovered 6 exits: *Mat x3 / *Min x2 / Sub) -10/Mines (discovered 3 exits: *Mat x2 / *Exi) -10/Exiles -9/Mines -8/Materials (discovered 2 exits: *Fac / Gar) -8/Garrison (discovered 4 exits: *Mat x4) -8/Materials -8/Garrison (discovered 4 exits: *Fac x3 / [*Mat]) -7/Factory -7/Garrison (discovered 3 exits: *Fac x3) -7/Factory History --------- Turn | Location | Event 29 | -11/Scrapyard | Discovered new exit (range 15) 135 | -11/Scrapyard | Entered Materials 307 | -10/Materials | Build established: Mutant 326 | -10/Materials | Discovered new exit (range 5) 560 | -10/Materials | Discovered new exit (range 3) 808 | -10/Materials | Discovered new exit (range 13) 863 | -10/Materials | Learned location of Storage (-8) 933 | -10/Materials | Identified exit to Mines 991 | -10/Materials | Learned location of 2 exits from Mines 1041 | -10/Materials | Identified exit to Subcaves 1060 | -10/Materials | Entered Mines 1061 | -10/Mines | Identified exit to Materials 1107 | -10/Mines | Found DCF Scrap (13 items) 1479 | -10/Mines | Received a Mining Laser from a helpful Derelict 1496 | -10/Mines | Deemed a non-threat by the Exiles lab entrance 1498 | -10/Mines | Discovered new exit (range 5) 1509 | -10/Mines | Entered Exiles 1509 | -10/Exiles | Accompanied by 1 ally 1548 | -10/Exiles | Met 8R-AWN 1577 | -10/Exiles | Met EX-HEX 1639 | -10/Exiles | Met EX-DEC 1698 | -10/Exiles | Met EX-BIN 1719 | -10/Exiles | Aligned with FarCom system 1720 | -10/Exiles | Given EX-Vault access code 1760 | -10/Exiles | Opened EX-Vault 1770 | -10/Exiles | Found Cloak of Protection 1801 | -10/Exiles | Warned to stay clear of 0b10 Research branches 2020 | -10/Exiles | Discovered new exit (range 10) 2039 | -10/Exiles | Left Exiles lab with Cloak of Protection 2039 | -10/Exiles | Entered Mines 2046 | -9/Mines | Received a Rocket Launcher from a helpful Derelict 2086 | -9/Mines | Discovered new exit (range 6) 2108 | -9/Mines | Entered Materials 2108 | -8/Materials | Evolved 4 slots: Propulsion x2, Utility x2 2807 | -8/Materials | Build established: Assassin 3622 | -8/Materials | Build established: Mutant 3940 | -8/Materials | Discovered new exit (range 15) 4263 | -8/Materials | Identified exit to Garrison 4263 | -8/Materials | Entered Garrison 4283 | -8/Garrison | Installed Relay Interface Framework 4382 | -8/Garrison | Triggered checkpoint 4448 | -8/Garrison | Garrison Relay disabled 5541 | -8/Garrison | Triggered checkpoint 5735 | -8/Garrison | Garrison Relay disabled 5768 | -8/Garrison | Garrison Relay disabled 5847 | -8/Garrison | Triggered checkpoint 6003 | -8/Garrison | Triggered checkpoint 6063 | -8/Garrison | Lost 4 allies 6065 | -8/Garrison | Triggered checkpoint 6229 | -8/Garrison | Build established: Commander-Mutant 6230 | -8/Garrison | Discovered new exit (range 15) 6292 | -8/Garrison | Lost 5 allies 6555 | -8/Garrison | Triggered checkpoint 6601 | -8/Garrison | Triggered checkpoint 6763 | -8/Garrison | Discovered new exit (range 10) 6772 | -8/Garrison | Build established: Bothacker-Mutant 6849 | -8/Garrison | Triggered checkpoint 6903 | -8/Garrison | Lost 3 allies 6967 | -8/Garrison | Discovered new exit (range 3) 7057 | -8/Garrison | Triggered checkpoint 7096 | -8/Garrison | Garrison Relay disabled 7197 | -8/Garrison | Lost 3 allies 7213 | -8/Garrison | Lost 5 parts (2n2u1w) 7471 | -8/Garrison | Triggered checkpoint 7553 | -8/Garrison | Garrison Relay disabled 7567 | -8/Garrison | Triggered checkpoint 7659 | -8/Garrison | Discovered new exit (range 10) 8290 | -8/Garrison | Build established: Bothacker-Assassin 8596 | -8/Garrison | Entered Materials 8596 | -8/Materials | Accompanied by 2 allies 8781 | -8/Materials | Core integrity fell below 50% 9083 | -8/Materials | Identified exit to Garrison 9097 | -8/Materials | Entered Garrison 9097 | -8/Garrison | Accompanied by 2 allies 9131 | -8/Garrison | Expanded RIF knowledge: Signal Jamming 9133 | -8/Garrison | Triggered checkpoint 9177 | -8/Garrison | Garrison Relay disabled 9381 | -8/Garrison | Build established: Bothacker-Mutant 9417 | -8/Garrison | Triggered checkpoint 9575 | -8/Garrison | Discovered new exit (range 13) 9693 | -8/Garrison | Triggered checkpoint 9863 | -8/Garrison | Garrison Relay disabled 9867 | -8/Garrison | Rescued a captive Derelict 9871 | -8/Garrison | Rescued a captive Derelict 9949 | -8/Garrison | Triggered checkpoint 9963 | -8/Garrison | Learned Factory security intel 10157 | -8/Garrison | Triggered checkpoint 10459 | -8/Garrison | Triggered checkpoint 10467 | -8/Garrison | Discovered new exit (range 5) 10545 | -8/Garrison | Discovered new exit (range 11) 10580 | -8/Garrison | Garrison Relay disabled 10633 | -8/Garrison | Triggered checkpoint 10684 | -8/Garrison | Garrison Relay disabled 10839 | -8/Garrison | Triggered checkpoint 10851 | -8/Garrison | Garrison Relay disabled 11011 | -8/Garrison | Triggered checkpoint 11013 | -8/Garrison | Discovered new exit (range 13) 11372 | -8/Garrison | Spotted B-75 Beast 11473 | -8/Garrison | Entered Factory 11473 | -7/Factory | Accompanied by 2 allies 11473 | -7/Factory | Evolved 2 slots: Utility x2 12035 | -7/Factory | Identified exit to Garrison 12046 | -7/Factory | Entered Garrison 12046 | -7/Garrison | Accompanied by 2 allies 12160 | -7/Garrison | Triggered checkpoint 12198 | -7/Garrison | Expanded RIF knowledge: Hotswap 12210 | -7/Garrison | Garrison Relay disabled 12821 | -7/Garrison | Triggered checkpoint 12996 | -7/Garrison | Triggered checkpoint 13249 | -7/Garrison | Triggered checkpoint 13415 | -7/Garrison | Discovered new exit (range 10) 13648 | -7/Garrison | Triggered checkpoint 13729 | -7/Garrison | Discovered new exit (range 8) 14380 | -7/Garrison | Discovered new exit (range 14) 14380 | -7/Garrison | Discovered new exit (range 66) 14380 | -7/Garrison | Discovered new exit (range 48) 14460 | -7/Garrison | Garrison Relay disabled 14844 | -7/Garrison | Triggered checkpoint 14954 | -7/Garrison | Garrison Relay disabled 15876 | -7/Garrison | Triggered checkpoint 15914 | -7/Garrison | Lost 3 allies 15915 | -7/Garrison | Found embedded Infiltrators 15937 | -7/Garrison | Garrison Relay disabled 16110 | -7/Garrison | Spotted B-75 Beast 16115 | -7/Garrison | Assimilated Beast 4a with formatsys_high 16147 | -7/Garrison | Lost 3 allies 18035 | -7/Garrison | Entered Factory 18035 | -7/Factory | Accompanied by 6 allies 18435 | -7/Factory | First assault squad dispatched 18523 | -7/Factory | High security lockdown imminent 18603 | -7/Factory | High security lockdown engaged 18636 | -7/Factory | Lost 3 allies 18706 | -7/Factory | Core integrity fell below 50% 18857 | -7/Factory | Lost 4 allies 18858 | -7/Factory | System corruption reached 10% 18865 | -7/Factory | Core integrity fell below 20% 18894 | -7/Factory | Released all parts (6) 18913 | -7/Factory | Destroyed by H-55 Commando with Assault Rifle Last Messages --------------- 18890_ C-30 ARC bursts open, deploying its payload. 18890_ G-50 Soldier unfolds itself. 18890_ B-48 Gladiator unfolds itself. 18890_ G-47 Trooper unfolds itself. 18890_ B-48 Gladiator unfolds itself. 18890_ I-36 Angel unfolds itself. 18891_ Penetrated by Slug. 18891_ Missile Launcher destroyed. 18892_ Mic. Nuclear Core destroyed. 18893_ G-50 Soldier destroyed. 18894_ Penetrated by Slug. 18894_ Released Great Maul. 18894_ Released Graphene Brace. 18894_ Released Imp. Heavy Treads. 18894_ Released Relay Coupler [Demolisher]. 18894_ Released Huge Storage Unit. 18894_ Released Relay Coupler [Hunter]. 18898_ The unstable cave ceiling collapses. 18904_ System corrupted: Heat flow error (+170). 18913_ Penetrated by Slug. Map ----- +----------------------------------------------------+ | | | | | | | ?????????????????????????????????????????? | | ??????????????????##########?????????????? | | ??????????????????# #?????????????? | | ??????????????????# #?????????????? | | ??????????????????# [ #?????????????? | | ??????????????????# ]#?????????????? | | ??????????????????#"""" #?????????????? | | ??????????????????#"""" #?????????????? | | ??????????????????#"""" #??###????????? | | ??????????????????#"""" !!### ###??????? | | ??????????????????# !!=#! #??????? | | ??????????????????#####"##/!! = ######## | | ???????????????????# !!!!] % | | ???????????????????# !!! % | | ???????????????????# g ! * !/ = | | ?????????????####### C gg b %%%= "% | | ??????????# b b = % "%/% | | ?????????????#########+##### ## ## " | | ????????????????# g #?# # | | ????????????????# """ """ i #? | | ????????????????# """ """ #?"""" = # | | ????????????????# """ """ #?"""" # | | ????????????????#@ hg #?"""" * + | | ????????????????# """ """ # """" # | | ????????????????# """ """ # ? ! # | | ????????????????# """ """ #??????#####* | | ????Y???????????# #????????? %[ | | ???Y?Y??????????# = #??????? ! | | ????Y???????????# #????? | | ????????????????# = #???# | | ????????????????##############???# | | ?????????????????????????????????# ### | | ?????????????????????????????????# #?? | | ?????????????????????????????????# #?? | | ?????????????????????????????????# #?? | | ?????????????????????????????????# #?? | | ?????????????????????????????????+ +?? | | ?????????????????????????????????# #? | | ?????????????????????????????????#=%" ### | | ???????????????????????????####??#%* # | | ??????????????????????????? ?# # | | ???????????????????????????? # # | | ???????????????????????????? """ # # | | ???????????????????????????? """ " + | | ???????????????????????????? """ # # | | ?????????????????????????????????# # | | ?????????????????????????????????# # | +----------------------------------------------------+ Best States ------------- Heat Dissipation 59 Coolant Potential 50 Energy Generation 25 Energy Capacity 325 Matter Stores 300 Matter Capacity 300 Sight Range 16 Terrain Scan Range 16 Terrain Scan Density 10 Cloak Strength 5 Additional Mass Support 12 Armor Coverage 450 Resistance: KI 20 Core Shielding 20 Propulsion Shielding 33 Phase Shifting 10 Evasion (%) 63 Recoil Reduction 4 Relay Coupler Types 4 Relay Coupler Value 92 Item Schematics ----------------- Seismic Detector | -8/Materials | Scanalyzed Robot Schematics ------------------ None Fabricated ------------ Nothing Alien Tech Used ----------------- None Achievements -------------- None Challenges ------------ None Game ------ Seed AdvancedThiefDriver Manual? 0 Play Time 03:07:04 Cumulative 160.8 hours Start 2024.08.29 @ 16:03:19 End 2024.08.29 @ 22:17:15 Sessions 1 Manual Loads 0 Difficulty Rogue Special Mode None Game No. 122 Rogue 122 Adventurer 0 Explorer 0 Win Type - Total 1 Types 0/0/0/1/0/0/0/0/0 Lore% 60 Gallery% 68 Achievement% 50 Wizard Run 0 Options --------- Layout 2 ASCII 0 Keyboard 1 Movement Vi Keybinds 0 Fullscreen 1 Font 32/SmallcapsGlow Map View 77x44 Zoom Use 0% Tactical HUD 1 Map Filters NONE Filters NONE Steam 1 RUN: 392ee55b-a2b5-4d40-ad86-74ac068387e1